 Dungeon Crawl Stone Soup version 0.19-a0-376-gf780d9b (webtiles) character file.

5926 Kidiri the Thrower (level 10, -1/98 HPs)
             Began as a Troll Hunter on May 30, 2016.
             Was an Elder of Okawaru.
             Slain by an unseen horror (4 damage)
             ... on level 10 of the Dungeon.
             The game lasted 00:27:19 (10070 turns).

Kidiri the Thrower (Troll Hunter)                  Turns: 10070, Time: 00:27:20

Health: -1/98      AC:  8    Str: 25    XL:     10   Next: 53%
Magic:  10/11      EV: 14    Int:  7    God:    Okawaru [****..]
Gold:   799        SH: 12    Dex: 10    Spells: 0 memorised, 9 levels left

rFire  . . .     SeeInvis .       - Unarmed
rCold  + . .     Gourm    +     b - +1 robe
rNeg   . . .     Faith    .     j - +1 shield
rPois  .         Spirit   .     (helmet restricted)
rElec  .         Dismiss  .     r - +0 cloak
rCorr  .         Reflect  .     (gloves unavailable)
SustAt .         Harm     .     (boots unavailable)
MR     .....                    t - amulet of magic regeneration
Stlth  ++........               (no ring)
                                e - ring of protection from cold

@: about to teleport, heroism, not resistant to hostile enchantments, unstealthy
A: unfitting armour, beak, claws 3, fast metabolism 3, gourmand, regeneration 2,
shaggy fur 1, tough skin 2
a: Heroism, Renounce Religion


You were on level 10 of the Dungeon.
You worshipped Okawaru.
Okawaru was greatly pleased with you.
You were full.

You visited 2 branches of the dungeon, and saw 11 of its levels.
You also visited: Ossuary.

You collected 799 gold pieces.

Inventory:

Missiles
 k - 3 throwing nets
 n - 2 large rocks (quivered)
 E - 4 javelins of penetration
Armour
 b - a +1 robe (worn)
 j - a +1 shield (worn)
 r - a +0 cloak (worn)
Jewellery
 e - a ring of protection from cold (left claw)
 t - an amulet of magic regeneration (around neck)
 D - an uncursed amulet of guardian spirit {unknown}
Wands
 c - a wand of lightning (6/15)
 x - a wand of slowing (48/48)
 y - a wand of confusion (26/48)
 A - a wand of confusion (26/48)
Scrolls
 d - a scroll of brand weapon
 h - 2 scrolls of teleportation
 i - 3 scrolls of magic mapping
 m - a scroll of recharging
 s - 6 scrolls of remove curse
Potions
 a - a potion of invisibility
 l - a potion of ambrosia {unknown}
 u - a potion of agility
 w - a potion of cure mutation
 z - 2 potions of brilliance {unknown}
 C - 2 potions of haste {unknown}
Comestibles
 f - 8 bread rations
 g - 5 fruits
 o - 4 meat rations
 p - 11 slices of pizza
 q - 4 beef jerkies
 v - a royal jelly


   Skills:
 * Level 6.2(11.2) Fighting
 * Level 8.1(13.1) Throwing
 + Level 4.0(9.0) Armour
 * Level 6.1(11.1) Dodging
 - Level 0.4(5.4) Stealth
 + Level 3.9(8.9) Shields
 + Level 4.6(9.6) Unarmed Combat
 + Level 3.3 Invocations


You had 9 spell levels left.
You didn't know any spells.

Dungeon Overview and Level Annotations

Branches:
Dungeon (10/15)            Temple (1/1) D:4
   Lair: D:8-11         Orc: D:9-12

Altars:
Ashenzari
Cheibriados
Dithmenos
Elyvilon
Fedhas
Gozag
Hepliaklqana
Kikubaaqudgha
Makhleb
Nemelex Xobeh
Okawaru
Pakellas
Qazlal
Ru
Sif Muna
Trog
Ukayaw
Vehumet
Xom
Yredelemnul
Zin
The Shining One

Shops:
D:7 !=}

Annotations:
D:10 Snorg


Innate Abilities, Weirdness & Mutations

You are too large for most types of armour.
You have claws for hands.
Your metabolism is lightning-fast.
You like to eat raw meat.
You heal very quickly.
You are covered in fur. (AC +1)
You have very tough skin. (AC +2)
You have a beak for a mouth.


Message History

You block something's attack. Something hits you!
* * * LOW HITPOINT WARNING * * *
Something hits you but does no damage.
You miss something.
Something hits you but does no damage. x2
Throwing (i - inventory. (,) - cycle):
n - 3 large rocks (quivered)
Press: ? - help, Shift-Dir - straight line You throw a large rock.
Something hits you!
* * * LOW HITPOINT WARNING * * *
Something hits you but does no damage.
You gain the combat prowess of a mighty hero.
You block something's attack. Something hits you.
* * * LOW HITPOINT WARNING * * *
As you read the scroll of teleportation, it crumbles to dust.
You feel strangely unstable. Something hits you but does no damage.
You mangle something!! Something hits you but does no damage.
Something hits you.
* * * LOW HITPOINT WARNING * * *
Something barely misses you. Something hits you.
You die...

#..........##.<'..รท..
#..........##.##.....
#..[.......##.##.....
#..........#..##.....
#..........'.#######+
#..........###
#..........#
##+######### #(.@.#
####.# ###+## #....#
#....# #....# #....+
#....# ###+##


There were no monsters in sight!

Vanquished Creatures
  An ugly thing (D:10)
  Sigmund (D:2)
  5 yaks
  Eustachio (D:5)
  A human (D:7)
  A hungry ghost (D:7)
  A hippogriff (D:8)
  The ghost of Kidiri the Firebug, an amateur DEFE of Vehumet (D:4)
  An ice beast (D:6)
  2 black bears
  3 orc warriors
  2 necrophages
  3 ogres
  A phantom (D:8)
  2 centaurs
  A big kobold (D:9)
  7 giant frogs
  6 killer bees (D:8)
  3 wights (D:9)
  4 howler monkeys
  A centaur zombie (Ossuary)
  4 crimson imps
  2 giant frog zombies
  4 hounds
  11 orc wizards
  A centaur skeleton (D:9)
  2 jellies (D:7)
  7 orc priests
  Natasha (thrice) (D:2)
  Terence (D:2)
  3 worker ants
  4 big kobold zombies (Ossuary)
  3 sheep (D:7)
  A hound skeleton (D:7)
  A hound zombie (D:7)
  2 mummies (Ossuary)
  Robin (D:2)
  5 gnolls
  15 adders
  A shadow imp (D:8)
  3 oozes
  3 adder skeletons
  3 worms
  2 dart slugs
  5 giant geckos
  26 orcs
  A ball python (D:2)
  7 bats
  6 giant cockroaches
  3 gnoll zombies (Ossuary)
  18 goblins
  15 hobgoblins
  13 jackals
  4 quokkas
  A giant cockroach zombie (D:6)
  2 giant newts (D:1)
  4 goblin zombies (Ossuary)
  A hobgoblin zombie (Ossuary)
  16 kobolds
  An orc zombie (Ossuary)
  2 quokka skeletons
  A quokka zombie (D:7)
  6 rats
262 creatures vanquished.

Vanquished Creatures (others)
  A wizard (D:7)
1 creature vanquished.

Grand Total: 263 creatures vanquished

Notes
Turn   | Place    | Note
--------------------------------------------------------------
     0 | D:1      | Kidiri the Troll Hunter began the quest for the Orb.
     0 | D:1      | Reached XP level 1. HP: 19/19 MP: 0/0
   124 | D:1      | Reached XP level 2. HP: 26/28 MP: 1/1
   295 | D:1      | Reached XP level 3. HP: 32/35 MP: 2/2
   458 | D:1      | Reached skill level 4 in Throwing
   879 | D:2      | Noticed Terence
   904 | D:2      | Killed Terence
   904 | D:2      | Reached XP level 4. HP: 28/42 MP: 3/3
   976 | D:2      | Found a white marble altar of Elyvilon.
  1044 | D:2      | Noticed Natasha
  1057 | D:2      | Killed Natasha
  1057 | D:2      | Reached skill level 1 in Unarmed Combat
  1121 | D:2      | Noticed Robin
  1127 | D:2      | Killed Robin
  1333 | D:2      | Noticed Sigmund
  1338 | D:2      | Killed Sigmund
  1338 | D:2      | Reached skill level 1 in Armour
  1338 | D:2      | Reached skill level 1 in Shields
  1338 | D:2      | Reached XP level 5. HP: 49/50 MP: 4/4
  1338 | D:2      | Reached XP level 6. HP: 58/59 MP: 5/5
  1775 | D:2      | Noticed Natasha
  1781 | D:2      | Killed Natasha
  1839 | D:2      | Noticed Natasha
  1850 | D:2      | Killed Natasha
  1935 | D:2      | Found a bloodstained altar of Trog.
  1935 | D:2      | Found a stormy altar of Qazlal.
  1938 | D:2      | Found a burning altar of Makhleb.
  2240 | D:3      | Reached skill level 5 in Throwing
  2308 | D:3      | Found a shadowy altar of Dithmenos.
  2529 | D:3      | Found a hide-covered altar to Ukayaw.
  2970 | D:4      | Reached XP level 7. HP: 39/67 MP: 6/6
  3131 | D:4      | Noticed Kidiri's ghost (amateur DEFE)
  3154 | D:4      | Killed Kidiri's ghost
  3579 | D:4      | Found a snail-covered altar of Cheibriados.
  3706 | D:4      | Found a blossoming altar of Fedhas.
  3789 | D:4      | Found a deep blue altar of Sif Muna.
  4031 | D:4      | Found a staircase to the Ecumenical Temple.
  4037 | Temple   | Entered the Ecumenical Temple
  4148 | Temple   | Became a worshipper of Warmaster Okawaru
  4251 | D:5      | Entered Level 5 of the Dungeon
  4664 | D:5      | Noticed Eustachio
  4668 | D:5      | Killed Eustachio
  4668 | D:5      | Reached XP level 8. HP: 78/78 MP: 7/7
  5313 | D:6      | Reached skill level 6 in Throwing
  5313 | D:6      | Reached skill level 1 in Invocations
  5359 | D:6      | Found a shattered altar of Ashenzari.
  5568 | D:6      | Reached * piety under Okawaru
  6039 | D:7      | Reached ** piety under Okawaru
  6204 | D:7      | Reached XP level 9. HP: 49/85 MP: 9/9
  6223 | D:7      | Found Wecras's Jewellery Boutique.
  6458 | D:7      | Found Ceirph's Gadget Boutique.
  6467 | D:7      | Found a shimmering altar of Xom.
  6467 | D:7      | Noticed an angel
  6468 | D:7      | Found a glowing silver altar of Zin.
  6560 | D:7      | Found an oddly glowing altar of Pakellas.
  6710 | D:7      | Found a bloodstained altar of Trog.
  6719 | D:7      | Found Reer Ene's Distillery.
  6724 | D:7      | Reached skill level 5 in Fighting
  6728 | D:7      | Reached skill level 5 in Dodging
  6880 | D:7      | Noticed a wizard
  6886 | D:7      | Killed a wizard
  7113 | D:8      | Reached *** piety under Okawaru
  7138 | D:8      | Reached skill level 7 in Throwing
  7297 | D:8      | Found a sand-covered staircase.
  7302 | Ossuary  | Entered an ossuary
  7636 | D:8      | Found an opulent altar of Gozag.
  7798 | D:8      | Found a glowing golden altar of the Shining One.
  8069 | D:8      | Reached **** piety under Okawaru
  8069 | D:8      | Reached XP level 10. HP: 93/98 MP: 11/11
  8596 | D:9      | Found a radiant altar of Vehumet.
  9574 | D:9      | Reached skill level 8 in Throwing
  9701 | D:10     | Entered Level 10 of the Dungeon
  9701 | D:10     | Noticed Snorg
  9997 | D:10     | Noticed a red ugly thing
  9999 | D:10     | Killed a red ugly thing
  9999 | D:10     | Received a gift from Okawaru
 10009 | D:10     | Gained mutation: Your mind is acute. (Int +2) [mutagenic meat]
 10010 | D:10     | Lost mutation: Your mind is acute. (Int +2) [mutagenic meat]
 10011 | D:10     | Gained mutation: You have a beak for a mouth. [mutagenic meat]
 10069 | D:10     | HP: 3/98 [something (5)]
 10070 | D:10     | Slain by an unseen horror

Vault maps used:
D:1:      dpeg_arrival_orchard
D:2:      lemuel_doored_altar, minitemple, hex_tiny, uniq_robin, uniq_natasha,
          uniq_terence, uniq_sigmund
D:3:      old_standard_altar, grunt_dithmenos_smoke, first_bread
D:4:      led_sif_pool, kennysheep_mini, cheibriados_altar_wand_db,
          minmay_temple_entry_fiery
D:5:      uniq_eustachio
D:6:      cheibrodos_ashenzari_chains
D:7:      grunt_temple_overflow_order_and_chaos_1, lemuel_crystal_altar,
          serial_shops, shop_statue, shop, shop, grunt_livestock, trog_wizard
D:8:      tso_metal_star, nicolae_gozag_cash_rules_everything_around_me,
          nicolae_ossuary_entry_false_entrances
D:9:      kennysheep_little_box, minmay_orc_keep
D:10:     uniq_snorg, uniq_harold
Temple:   hc_temple_tempest_star_small
Ossuary:  minmay_ossuary_gauntlet

Skill      XL: |  1  2  3  4  5  6  7  8  9 10 |
---------------+-------------------------------+-----
Throwing       | 4 5 6 7 8 |  8.1
Dodging        | 2 3 4 5 6 |  6.1
Fighting       | 2 3 4 5 6 |  6.2
Unarmed Combat | 1 2 3 4 |  4.6
Armour         | 1 2 3 4 |  4.0
Shields        | 1 2 3 |  3.9
Invocations    | 1 2 3 |  3.3
Stealth        | |  0.4

Action                   |  1- 3 |  4- 6 |  7- 9 | 10-12 || total
-------------------------+-------+-------+-------+-------++-------
Melee: Unarmed           |    78 |   197 |   503 |   176 ||   954
       Punch             |       |     2 |       |       ||     2
       Peck              |       |       |       |     5 ||     5
Throw: Large rock        |    15 |    36 |    38 |     9 ||    98
       Stone             |    14 |       |       |       ||    14
       Throwing net      |     2 |       |     1 |     1 ||     4
Invok: Heroism           |       |       |     1 |     6 ||     7
  Use: Scroll            |       |     8 |     8 |     6 ||    22
       Potion            |       |     1 |     2 |     1 ||     4
 Stab: Sleeping          |     1 |     2 |     2 |     1 ||     6
       Distracted        |       |     1 |       |       ||     1
  Eat: Chunk             |    12 |    20 |    48 |    20 ||   100
Armor: Robe              |    51 |    51 |   145 |    55 ||   302
Dodge: Dodged            |    40 |    82 |   183 |   106 ||   411
Block: Shield            |       |    25 |   227 |   137 ||   389
